Map: Бюро находок РВ

Players

Amnesia

  • Race: Zerg Zerg
  • League: Silver
  • Spawn Location: 1:00

Murena - Winner!

  • Race: Terran Terran
  • League: Gold
  • Spawn Location: 7:00

VOD

Have the link to the VOD?

Description

Time

  • Played on: Oct. 22, 2018, 9:14 p.m.
  • Length: 6:29
Show
View Real Time Build Order
Export as new Build Order

Amnesia Zerg 

Build Orders: Pool First 

Get SALT Encoding   

  12  0:01  Drone  
  13  0:22  Spawning Pool  
  13  0:25  Extractor  
  13  0:28  Drone  
  12  0:32  Drone  
  13  0:41  Overlord  
  13  0:46  Drone  
  14  1:11  Queen  
  14  1:12  Zergling x4  
  14  1:15  Zergling x2  
  19  1:23  Zergling x2  
  20  1:30  Metabolic Boost  
  20  1:36  Zergling x2  
  21  1:44  Zergling x2  
  22  1:51  Evolution Chamber  
  21  1:55  Zergling x2  
  22  2:10  Overlord  
  19  2:41  Drone x2  
  19  2:42  Drone  
  22  2:50  Hatchery  
  21  3:01  Drone  
  21  3:02  Overlord  
  22  3:06  Overlord  
  22  3:24  Drone x3  
  25  3:33  Zerg Melee Weapons Level 1  
  25  3:36  Zergling x2  
  25  3:37  Zergling x4  
  28  3:51  Spore Crawler  
  28  3:53  Drone  
  28  3:57  Lair  
  28  4:10  Queen, Drone  
  31  4:22  Drone  
  32  4:32  Drone  
  32  4:37  Extractor, Drone x2  
  32  4:38  Drone  
  29  4:46  Queen  
  29  4:52  Drone x2  
  33  4:59  Infestation Pit  
  32  5:09  Drone x2  
  34  5:16  Spine Crawler  
  34  5:19  Drone  
  34  5:20  Spine Crawler  
  33  5:21  Drone  
  33  5:23  Spine Crawler  
  33  5:29  Drone x2  
  33  5:34  Drone  
  36  5:41  Zergling x4  
  38  5:46  Zergling x4  
Show
View Real Time Build Order
Export as new Build Order

Murena Terran - Winner!

Build Orders:  

Get SALT Encoding   

  12  0:01  SCV  
  13  0:13  SCV  
  14  0:18  Supply Depot  
  14  0:25  SCV  
  15  0:40  SCV  
  15  0:42  Barracks  
  16  0:52  SCV  
  16  0:56  Supply Depot  
  17  1:05  Barracks  
  17  1:07  SCV  
  18  1:22  Barracks  
  18  1:24  SCV  
  19  1:36  Refinery  
  19  1:37  Orbital Command  
  19  1:41  Marine  
  20  1:53  Marine  
  21  2:02  Marine  
  21  2:08  SCV  
  23  2:11  Marine  
  24  2:21  Barracks  
  24  2:30  Marine x3  
  27  2:45  Barracks  
  27  2:48  Marine x3  
  30  3:02  SCV  
  31  3:07  Supply Depot  
  31  3:09  Barracks Tech Lab  
  31  3:14  Barracks Tech Lab  
  31  3:24  Marine x2  
  33  3:29  Marauder  
  33  3:33  Concussive Shells  
  35  3:38  Engineering Bay  
  35  3:42  Supply Depot  
  35  3:43  Refinery  
  35  3:44  SCV  
  35  3:45  Barracks Tech Lab x2  
  35  3:46  Barracks Tech Lab  
  38  3:48  Marauder  
  38  3:50  Marauder  
  40  3:56  SCV  
  41  4:06  Marauder x2  
  41  4:09  Marine  
  46  4:12  Marauder  
  46  4:16  Marine  
  49  4:25  SCV  
  49  4:26  Missile Turret  
  50  4:32  Supply Depot  
  49  4:52  Marauder x3  
  55  4:53  Marine x2  
  55  4:58  Supply Depot  
  57  5:09  Combat Shield  
  57  5:11  Marine x2  
  57  5:12  Marine  
  57  5:13  Marauder  
  57  5:14  Marine  
  63  5:53  Marauder x4  
Tags
 
Add a new tag
Caveats
  • Supply blocks, unpowered buildings, or Contaminate may cause inaccurate times.
  • Supply counts are checked every 10 seconds.